| TOP OF THE 1ST |
|
El Paso Chihuahuas batting - Pitching for San Antonio Missions : RHP William Fewox
|
|
Pitching: RHP William Fewox
|
|
|
Batting: LHB Andy Van Slyke
|
0-0: Ball 1-0: Ball 2-0: Foul Ball, location: 2F 2-1: Fly out, F7 (Flyball, 7S, EV 83.1 MPH)
|
|
Batting: RHB Julio Acevedo
|
0-0: Ball 1-0: Swinging Strike 1-1: Ball 2-1: Foul Ball, location: 2F 2-2: Foul Ball, location: 2F 2-2: Strikes out looking
|
|
Batting: RHB Jesse Vann
|
0-0: Ball 1-0: Ball 2-0: Called Strike 2-1: Foul Ball, location: 2F 2-2: Foul Ball, location: 2F 2-2: Foul Ball, location: 2F 2-2: Ball 3-2: Strikes out swinging
|
| Top of the 1st over - 0 runs, 0 hits, 0 errors, 0 left on base; El Paso 0 - San Antonio 0 |
| BOTTOM OF THE 1ST |
|
San Antonio Missions batting - Pitching for El Paso Chihuahuas : RHP Tom Smith
|
|
Pitching: RHP Tom Smith
|
|
|
Batting: LHB Jerold Johnston
|
0-0: Ball 1-0: Foul Ball, location: 2F 1-1: Called Strike 1-2: Ball 2-2: Foul Ball, location: 2F 2-2: Fly out, F8 (Flyball, 8LXD, EV 100.6 MPH)
|
|
Batting: SHB Jose Moreno
|
0-0: Fly out, F9 (Line Drive, 9, EV 104.4 MPH)
|
|
Batting: SHB Willie Perez
|
0-0: Ball 1-0: Called Strike 1-1: Swinging Strike 1-2: Foul Ball, location: 2F 1-2: Foul Ball, location: 2F 1-2: Foul Ball, location: 2F 1-2: Ground out 5-3 (Groundball, 56, EV 103.1 MPH)
|
| Bottom of the 1st over - 0 runs, 0 hits, 0 errors, 0 left on base; El Paso 0 - San Antonio 0 |
| TOP OF THE 2ND |
|
El Paso Chihuahuas batting - Pitching for San Antonio Missions : RHP William Fewox
|
|
Batting: RHB Kevin Jacobson
|
0-0: Ball 1-0: Swinging Strike 1-1: Called Strike 1-2: Ball 2-2: Ground out 6-3 (Groundball, 6, EV 109.4 MPH)
|
|
Batting: RHB Steven Murray
|
0-0: Ground out 6-3 (Groundball, 6, EV 81.3 MPH)
|
|
Batting: LHB Dan Murphy
|
0-0: Swinging Strike 0-1: Swinging Strike 0-2: Ball 1-2: Ball 2-2: Ball 3-2: Strikes out swinging
|
| Top of the 2nd over - 0 runs, 0 hits, 0 errors, 0 left on base; El Paso 0 - San Antonio 0 |
| BOTTOM OF THE 2ND |
|
San Antonio Missions batting - Pitching for El Paso Chihuahuas : RHP Tom Smith
|
|
Batting: RHB Larry Hamilton
|
0-0: Ball 1-0: Ball 2-0: Ball 3-0: Base on Balls
|
|
Batting: RHB Jack Ayer
|
0-0: Ball 1-0: Ball 2-0: Called Strike 2-1: Foul Ball, location: 2F 2-2: Ball 3-2: Foul Ball, location: 2F 3-2: Fly out, F3 (Popup, 34S, EV 75.6 MPH)
|
|
Batting: RHB Jack Clark
|
0-0: Ball 1-0: Fielders Choice at 2nd, 6-4 (Groundball, 6, EV 81.3 MPH)
|
|
Batting: LHB Matt Nokes
|
0-0: Fly out, F9 (Flyball, 9LM, EV 95.0 MPH)
|
| Bottom of the 2nd over - 0 runs, 0 hits, 0 errors, 1 left on base; El Paso 0 - San Antonio 0 |
| TOP OF THE 3RD |
|
El Paso Chihuahuas batting - Pitching for San Antonio Missions : RHP William Fewox
|
|
Batting: RHB Leo George
|
0-0: Foul Ball, location: 2F 0-1: Ball 1-1: Called Strike 1-2: Reached on error, E6 (Groundball, 6, EV 81.3 MPH)
|
|
Batting: RHB Stine Poole
|
0-0: Ball 1-0: Ball 2-0: Swinging Strike 2-1: Grounds into double play, 5-4-3 (Groundball, 5, EV 85.6 MPH)
|
|
Batting: RHB William Parmenter
|
0-0: Foul Ball, location: 2F 0-1: DOUBLE (Line Drive, 7LM, EV 104.4 MPH)
|
|
Batting: LHB Andy Van Slyke
|
0-0: Called Strike 0-1: Ball 1-1: Foul Ball, location: 2F 1-2: Foul Ball, location: 2F 1-2: Ball 2-2: Foul Ball, location: 2F 2-2: Strikes out swinging
|
| Top of the 3rd over - 0 runs, 1 hit, 1 error, 1 left on base; El Paso 0 - San Antonio 0 |
| BOTTOM OF THE 3RD |
|
San Antonio Missions batting - Pitching for El Paso Chihuahuas : RHP Tom Smith
|
|
Batting: RHB Leo Hernandez
|
0-0: Called Strike 0-1: SINGLE (Line Drive, 5D, EV 99.4 MPH)
|
|
Batting: RHB Archie Amerson
|
0-0: Foul Ball, location: 2F 0-1: Ball 1-1: Foul Ball, location: 2F 1-2: Ball 2-2: Ball 3-2: Fly out, F7 (Flyball, 7LS, EV 95.0 MPH)
|
|
Batting: LHB Jerold Johnston
|
0-0: Ball 1-0: Called Strike 1-1: Called Strike 1-2: Ball 2-2: Strikes out looking
|
|
Batting: SHB Jose Moreno
|
0-0: Ground out 4-3 (Groundball, 34, EV 77.5 MPH)
|
| Bottom of the 3rd over - 0 runs, 1 hit, 0 errors, 1 left on base; El Paso 0 - San Antonio 0 |
| TOP OF THE 4TH |
|
El Paso Chihuahuas batting - Pitching for San Antonio Missions : RHP William Fewox
|
|
Batting: RHB Julio Acevedo
|
0-0: Ball 1-0: Ball 2-0: Called Strike 2-1: Ball 3-1: Called Strike 3-2: Fly out, F7 (Line Drive, 7, EV 105.0 MPH)
|
|
Batting: RHB Jesse Vann
|
0-0: Ball 1-0: Called Strike 1-1: Called Strike 1-2: Strikes out swinging
|
|
Batting: RHB Kevin Jacobson
|
0-0: Ball 1-0: Called Strike 1-1: Ground out 1-3 (Groundball, 13S, EV 60.6 MPH)
|
| Top of the 4th over - 0 runs, 0 hits, 0 errors, 0 left on base; El Paso 0 - San Antonio 0 |
| BOTTOM OF THE 4TH |
|
San Antonio Missions batting - Pitching for El Paso Chihuahuas : RHP Tom Smith
|
|
Batting: SHB Willie Perez
|
0-0: Ball 1-0: Ground out 6-3 (Groundball, 6, EV 83.8 MPH)
|
|
Batting: RHB Larry Hamilton
|
0-0: Ball 1-0: Foul Ball, location: 2F 1-1: Ball 2-1: Swinging Strike 2-2: Foul Ball, location: 2F 2-2: Ball 3-2: SINGLE (Flyball, 34D, EV 90.0 MPH)
|
|
Batting: RHB Jack Ayer
|
0-0: Fly out, F8 (Flyball, 8LXD, EV 80.6 MPH)
|
|
Batting: RHB Jack Clark
|
0-0: Fly out, F7 (Flyball, 7LS, EV 74.4 MPH)
|
| Bottom of the 4th over - 0 runs, 1 hit, 0 errors, 1 left on base; El Paso 0 - San Antonio 0 |
| TOP OF THE 5TH |
|
El Paso Chihuahuas batting - Pitching for San Antonio Missions : RHP William Fewox
|
|
Batting: RHB Steven Murray
|
0-0: Ball 1-0: Foul Ball, location: 2F 1-1: Foul Ball, location: 2F 1-2: Ball 2-2: Ball 3-2: Strikes out swinging
|
|
Batting: LHB Dan Murphy
|
0-0: Ground out 6-3 (Groundball, 6, EV 83.1 MPH)
|
|
Batting: RHB Leo George
|
0-0: Swinging Strike 0-1: Ball 1-1: Swinging Strike 1-2: Strikes out looking
|
| Top of the 5th over - 0 runs, 0 hits, 0 errors, 0 left on base; El Paso 0 - San Antonio 0 |
| BOTTOM OF THE 5TH |
|
San Antonio Missions batting - Pitching for El Paso Chihuahuas : RHP Tom Smith
|
|
Batting: LHB Matt Nokes
|
0-0: Called Strike 0-1: Swinging Strike 0-2: Ball 1-2: Ground out 6-3 (Groundball, 6, EV 99.4 MPH)
|
|
Batting: RHB Leo Hernandez
|
0-0: Called Strike 0-1: Ball 1-1: Ball 2-1: Ball 3-1: Base on Balls
|
|
Batting: RHB Archie Amerson
|
0-0: Fly out, F9 (Flyball, 9LD, EV 110.0 MPH) Runner from 1st tags up, SAFE at 2nd
|
|
Batting: LHB Jerold Johnston
|
0-0: Ball 1-0: Ball 2-0: Ball 3-0: Base on Balls
|
|
Batting: SHB Jose Moreno
|
0-0: Called Strike 0-1: Ball 1-1: Ball 2-1: Called Strike 2-2: Fly out, F4 (Line Drive, 4, EV 68.1 MPH)
|
| Bottom of the 5th over - 0 runs, 0 hits, 0 errors, 2 left on base; El Paso 0 - San Antonio 0 |
| TOP OF THE 6TH |
|
El Paso Chihuahuas batting - Pitching for San Antonio Missions : RHP William Fewox
|
|
Batting: RHB Stine Poole
|
0-0: Swinging Strike 0-1: Ball 1-1: Swinging Strike 1-2: Strikes out swinging
|
|
Batting: RHB William Parmenter
|
0-0: Ground out 3-1 (Groundball, 34, EV 108.1 MPH)
|
|
Batting: LHB Andy Van Slyke
|
0-0: Called Strike 0-1: Ball 1-1: Swinging Strike 1-2: Foul Ball, location: 2F 1-2: Ball 2-2: Ball 3-2: Foul Ball, location: 2F 3-2: Base on Balls
|
|
Batting: RHB Julio Acevedo
|
0-0: Called Strike 0-1: Ball 1-1: Ball 2-1: Foul Ball, location: 2F 2-2: Strikes out swinging
|
| Top of the 6th over - 0 runs, 0 hits, 0 errors, 1 left on base; El Paso 0 - San Antonio 0 |
| BOTTOM OF THE 6TH |
|
San Antonio Missions batting - Pitching for El Paso Chihuahuas : RHP Tom Smith
|
|
Batting: SHB Willie Perez
|
0-0: Called Strike 0-1: Ball 1-1: Ball 2-1: Foul Ball, location: 2F 2-2: DOUBLE (Flyball, 8RXD, EV 86.9 MPH)
|
|
Batting: RHB Larry Hamilton
|
0-0: Ball 1-0: Foul Ball, location: 2F 1-1: Swinging Strike 1-2: Strikes out looking
|
|
Batting: RHB Jack Ayer
|
0-0: Swinging Strike 0-1: Ball 1-1: Foul Ball, location: 2F 1-2: Ball 2-2: Ball 3-2: Fly out, F6 (Popup, 6M, EV 61.9 MPH)
|
|
Batting: RHB Jack Clark
|
0-0: Ball 1-0: Foul Ball, location: 2F 1-1: Ground out 3-1 (Groundball, 34, EV 81.9 MPH)
|
| Bottom of the 6th over - 0 runs, 1 hit, 0 errors, 1 left on base; El Paso 0 - San Antonio 0 |
| TOP OF THE 7TH |
|
El Paso Chihuahuas batting - Pitching for San Antonio Missions : RHP William Fewox
|
|
Batting: RHB Jesse Vann
|
0-0: Ground out 5-3 (Groundball, 56S, EV 87.5 MPH)
|
|
Batting: RHB Kevin Jacobson
|
0-0: Foul Ball, location: 2F 0-1: Foul Ball, location: 2F 0-2: Ball 1-2: Strikes out looking
|
|
Batting: RHB Steven Murray
|
0-0: Ball 1-0: Ball 2-0: Ball 3-0: Base on Balls
|
|
Batting: LHB Dan Murphy
|
0-0: Reached on error, E7 (Line Drive, 7, EV 90.6 MPH) Steven Murray to third
|
|
Batting: RHB Leo George
|
0-0: Called Strike 0-1: Ball 1-1: Ball 2-1: Fly out, F9 (Flyball, 9, EV 85.6 MPH)
|
| Top of the 7th over - 0 runs, 0 hits, 1 error, 2 left on base; El Paso 0 - San Antonio 0 |
| BOTTOM OF THE 7TH |
|
San Antonio Missions batting - Pitching for El Paso Chihuahuas : RHP Tom Smith
|
|
Batting: LHB Matt Nokes
|
0-0: Called Strike 0-1: SINGLE (Groundball, 6D, EV 100.0 MPH)
|
|
Batting: RHB Leo Hernandez
|
0-0: Called Strike 0-1: Fly out, F7 (Flyball, 7D, EV 106.3 MPH)
|
|
Batting: RHB Archie Amerson
|
0-0: Ball 1-0: Foul Ball, location: 2F 1-1: Called Strike 1-2: SINGLE (Flyball, 8LS, EV 85.0 MPH) Matt Nokes to second Runner from 2nd tries for 3rd, SAFE, throw by CF made to third
|
|
Batting: LHB Jerold Johnston
|
0-0: Swinging Strike 0-1: Foul Ball, location: 2F 0-2: Fly out, F8 (Flyball, 89D, EV 83.8 MPH) Throwing error, E8 Matt Nokes scores Archie Amerson to second
|
|
Batting: SHB Jose Moreno
|
0-0: SINGLE (Groundball, 56S, EV 73.1 MPH) (infield hit) Archie Amerson to third
|
|
Batting: SHB Willie Perez
|
0-0: Ball 1-0: Called Strike 1-1: Ball 2-1: Called Strike Pickoff Throw to First - Error! E1 Archie Amerson scores Jose Moreno to second 2-2: Fly out, F7 (Line Drive, 7D, EV 92.5 MPH)
|
| Bottom of the 7th over - 2 runs, 3 hits, 2 errors, 1 left on base; El Paso 0 - San Antonio 2 |
| TOP OF THE 8TH |
|
El Paso Chihuahuas batting - Pitching for San Antonio Missions : RHP William Fewox
|
|
Batting: RHB Stine Poole
|
0-0: Called Strike 0-1: Ground out 3-1 (Groundball, 34, EV 111.3 MPH)
|
|
Batting: RHB William Parmenter
|
0-0: Foul Ball, location: 2F 0-1: Ball 1-1: Ball 2-1: Ball 3-1: Swinging Strike 3-2: Foul Ball, location: 2F 3-2: Base on Balls
|
|
Batting: LHB Andy Van Slyke
|
0-0: Ball 1-0: Fielders Choice at 2nd, 5-4 (Groundball, 25, EV 90.6 MPH)
|
|
Batting: RHB Julio Acevedo
|
0-0: Ball 1-0: Called Strike 1-1: Called Strike 1-2: Ball 2-2: Ball 3-2: Base on Balls Andy Van Slyke to second
|
|
Batting: RHB Jesse Vann
|
0-0: Ball 1-0: Called Strike 1-1: Ball 2-1: Ball 3-1: Swinging Strike 3-2: Foul Ball, location: 2F 3-2: Base on Balls Andy Van Slyke to third Julio Acevedo to second
|
|
Batting: RHB Kevin Jacobson
|
0-0: Ground out 6-3 (Groundball, P, EV 88.1 MPH)
|
| Top of the 8th over - 0 runs, 0 hits, 0 errors, 3 left on base; El Paso 0 - San Antonio 2 |
| BOTTOM OF THE 8TH |
|
San Antonio Missions batting - Pitching for El Paso Chihuahuas : RHP Tom Smith
|
|
Batting: RHB Larry Hamilton
|
0-0: SINGLE (Line Drive, 6MD, EV 96.3 MPH)
|
|
Batting: RHB Jack Ayer
|
0-0: Ball 1-0: Called Strike 1-1: Ball 2-1: Called Strike 2-2: Strikes out swinging
|
|
Batting: RHB Jack Clark
|
0-0: Ball 1-0: Foul Ball, location: 2F 1-1: Foul Ball, location: 2F 1-2: Ball 2-2: Foul Ball, location: 2F 2-2: Foul Ball, location: 2F 2-2: Ball 3-2: Strikes out looking
|
|
Batting: LHB Matt Nokes
|
0-0: Fly out, F8 (Flyball, 8LS, EV 83.8 MPH)
|
| Bottom of the 8th over - 0 runs, 1 hit, 0 errors, 1 left on base; El Paso 0 - San Antonio 2 |
| TOP OF THE 9TH |
|
El Paso Chihuahuas batting - Pitching for San Antonio Missions : RHP William Fewox
|
|
Batting: RHB Steven Murray
|
0-0: Swinging Strike 0-1: Ball 1-1: Ball 2-1: Ball 3-1: Called Strike 3-2: Ground out 1-3 (Groundball, 25, EV 65.0 MPH)
|
|
Batting: LHB Dan Murphy
|
0-0: Ball 1-0: Called Strike 1-1: Foul Ball, location: 2F 1-2: Ball 2-2: Ball 3-2: Foul Ball, location: 2F 3-2: Strikes out looking
|
|
Batting: RHB Leo George
|
0-0: Swinging Strike 0-1: Ball 1-1: Foul Ball, location: 2F 1-2: Strikes out swinging
|
| Top of the 9th over - 0 runs, 0 hits, 0 errors, 0 left on base; El Paso 0 - San Antonio 2 |
|